 Dungeon Crawl Stone Soup version 0.28-a0-843-gb979743d38 (webtiles) character file.

Game seed: 18413313520748377959

2043 MirrMurr the Covert (level 9, -2/45 HPs)
             Began as a Spriggan Enchanter on Nov 12, 2021.
             Was an Initiate of Dithmenos.
             Slain by Harold (24 damage)
             ... on level 7 of the Dungeon.
             The game lasted 00:14:41 (9341 turns).

MirrMurr the Covert (Spriggan Enchanter)            Turns: 9341, Time: 00:14:42

Health: -2/45      AC:  2    Str:  7    XL:     9   Next: 4%
Magic:  13/16      EV: 21    Int: 17    God:    Dithmenos [......]
Gold:   369        SH:  0    Dex: 21    Spells: 4/16 levels left

rFire   . . .      SeeInvis +   a - +1 dagger (venom)
rCold   . . .      Faith    +   (shield restricted)
rNeg    . . .      Spirit   .   b - +0 robe
rPois   .          Reflect  .   (helmet restricted)
rElec   .          Harm     .   (no cloak)
rCorr   .          Rampage  .   (gloves unavailable)
Will    +....                   (boots unavailable)
Stlth   +++++.....              q - amulet of faith
HPRegen 0.15/turn               g - ring of flight
MPRegen 0.15/turn               u - +6 ring of dexterity

@: flying, very quick
A: very small, no large weapons, unfitting armour, see invisible, speed 3
a: Renounce Religion


You were on level 7 of the Dungeon.
You worshipped Dithmenos.
Dithmenos was noncommittal.
You visited 2 branches of the dungeon, and saw 8 of its levels.

You collected 369 gold pieces.

Inventory:

Hand Weapons
 a - a +1 dagger of venom (weapon)
 h - a +1 dagger
 s - a +0 rapier of speed
Missiles
 e - 32 poisoned darts
 f - 242 stones (quivered)
Armour
 b - a +0 robe (worn)
Jewellery
 g - a ring of flight (left hand)
 n - a ring of resist corrosion
 q - an amulet of faith (around neck)
 u - a +6 ring of dexterity (right hand)
Wands
 l - a wand of iceblast (20)
Scrolls
 d - 7 scrolls of teleportation
 k - a scroll of vulnerability
 t - 2 scrolls of immolation
Potions
 c - a potion of invisibility
 j - 2 potions of heal wounds
 m - a potion of haste
 o - a potion of berserk rage
 p - 2 potions of curing
 r - 2 potions of brilliance
 v - a potion of cancellation
 w - a potion of mutation {unknown}


   Skills:
 - Level 4.0 Fighting
 - Level 5.0 Short Blades
 + Level 5.5 Dodging
 * Level 10.6 Stealth
 - Level 4.0 Spellcasting
 - Level 8.0 Hexes


You had 4 spell levels left.
You knew the following spells:

 Your Spells              Type           Power      Damage    Failure   Level
a - Ensorcelled Hibernat  Hex/Ice        34%        N/A       4%          2
b - Confusing Touch       Hex            30%        N/A       1%          3
c - Tukima's Dance        Hex            30%        N/A       1%          3
d - Dazzling Flash        Conj/Hex       34%        N/A       9%          3
e - Slow                  Hex            100%       N/A       1%          1

Your spell library contained the following spells:

 Spells                   Type           Power      Damage    Failure   Level
 Sting                    Tmut/Pois      12%        1d3       16%         1
 Poisonous Vapours        Pois/Air       6%         N/A       24%         2
 Spider Form              Tmut/Pois      3%         N/A       43%         3
 Olgreb's Toxic Radiance  Pois           3%         N/A       83%         4
 Yara's Violent Unravell  Hex/Tmut       8%         3d5       63%         5
 Conjure Ball Lightning   Conj/Air       1%         3x3d6     100%        6
 Discord                  Hex            15%        N/A       100%        8
 Disjunction              Tloc           1%         N/A       100%        8


Dungeon Overview and Level Annotations

Branches:
Dungeon (7/15)             Temple (1/1) D:5

Altars:
Ashenzari
Cheibriados
Dithmenos
Elyvilon
Fedhas
Gozag
Hepliaklqana
Kikubaaqudgha
Makhleb
Nemelex Xobeh
Okawaru
Qazlal
Ru
Sif Muna
Trog
Uskayaw
Vehumet
Wu Jian
Xom
Yredelemnul
Zin
The Shining One

Annotations:
D:7 3 runed translucent doors, Avanven's ghost, novice MfGl; Harold


Innate Abilities, Weirdness & Mutations

You are very small and have problems with some larger weapons.
You are too small for most types of armour.
You have supernaturally acute eyesight. (SInv)
You cover ground extremely quickly. (Speed+++)


Message History

Harold gestures at you while chanting.
You barely resist.
Aiming: Iceblast
Press: ? - help, Shift-Dir - straight line, f/p - Harold
Aim: Harold, wielding a +0 long sword, wearing a +0 ring mail and quivering 3 throwing nets (lightly wounded, very poisoned)
The mass of ice explodes!
The iceblast engulfs Harold.
Harold is lightly wounded.
Harold fires a harpoon shot at you. The harpoon shot hits you!
* * * LOW HITPOINT WARNING * * *
You are yanked forward by the harpoon shot.
Unknown command.
You feel much better.
Harold throws a throwing net.
The throwing net misses you.
Harold throws a throwing net.
The throwing net closely misses you.
Aiming: Iceblast
Press: ? - help, Shift-Dir - straight line, f/p - Harold
Aim: Harold, wielding a +0 long sword, wearing a +0 ring mail and quivering a throwing net (lightly wounded, poisoned)
The mass of ice explodes!
The iceblast engulfs Harold!
Harold is moderately wounded.
Unknown command.
Aiming: Iceblast
Press: ? - help, Shift-Dir - straight line, f/p - Harold
Aim: Harold, wielding a +0 long sword, wearing a +0 ring mail and quivering a throwing net (moderately wounded, poisoned)
The mass of ice explodes!
The iceblast engulfs Harold!
Harold is moderately wounded.
Harold says, "This is so exciting!
What a great way to end my career!"
You hit Harold but do no damage.
Harold looks even sicker.
Harold is heavily wounded.
Harold hits you with a +0 long sword!
You barely miss Harold.
Harold is moderately wounded.
You barely miss Harold.
Harold is moderately wounded.
Harold barely misses you.
You barely miss Harold.
Harold is moderately wounded.
Harold hits you with a +0 long sword!!
Ouch! That really hurt!
You die...

+
+......................
#
##.....##.#.##.###...##
#..#.....#.##.##....#
#[.##.##.#.##.##.##.#
#....(.....##.......#
#.###.##.#######.####
#.......># #.#
#####.#### #.# #@# #.#
#@# #.# #.# #.# #.# #.#
........# #########


You could see Harold (very poisoned).

Vanquished Creatures
  A boulder beetle (D:6)
  Eustachio (D:5)
  A water moccasin (D:6)
  Duvessa (D:4)
  An ice beast (D:7)
  2 sky beasts
  A necrophage (D:6)
  An ogre (D:3)
  Dowan (D:4)
  A water moccasin skeleton (D:6)
  A howler monkey (D:5)
  2 bullfrog zombies (D:6)
  A centaur skeleton (D:5)
  2 gnoll shamans
  An orc priest (D:6)
  2 bullfrog skeletons
  An iguana (D:6)
  A killer bee zombie (D:6)
  2 howler monkey skeletons
  6 adders
  2 shadow imps
  A white imp (D:5)
  An ufetubus (D:4)
  3 worms
  5 dart slugs
  5 orcs
  8 ball pythons
  5 endoplasms
  5 giant cockroaches
  6 goblins
  6 hobgoblins
  3 jackals (D:1)
  6 quokkas
  7 bats
  5 frilled lizards
  4 kobolds
  7 rats
109 creatures vanquished.

Notes
Turn   | Place    | Note
-------+----------+-------------------------------------------
     0 | D:1      | MirrMurr the Spriggan Enchanter began the quest for the
                  | Orb.
     0 | D:1      | Reached XP level 1. HP: 9/9 MP: 5/5
   711 | D:1      | Reached skill level 5 in Stealth
   711 | D:1      | Reached XP level 2. HP: 8/13 MP: 6/6
   714 | D:1      | Learned a level 2 spell: Ensorcelled Hibernation
  1403 | D:1      | Found a faded altar of an unknown god.
  1737 | D:2      | Reached XP level 3. HP: 16/16 MP: 8/8
  1741 | D:2      | Learned a level 3 spell: Confusing Touch
  2869 | D:2      | Reached skill level 6 in Stealth
  3532 | D:3      | Reached XP level 4. HP: 21/21 MP: 9/9
  3536 | D:3      | Learned a level 3 spell: Tukima's Dance
  4378 | D:4      | Noticed an ogre
  4406 | D:3      | Killed an ogre
  4407 | D:3      | Reached skill level 7 in Stealth
  4407 | D:3      | Reached XP level 5. HP: 24/24 MP: 2/10
  4736 | D:4      | Noticed Duvessa
  4741 | D:4      | Noticed Dowan
  4842 | D:4      | Killed Duvessa
  4843 | D:4      | Reached skill level 5 in Short Blades
  4843 | D:4      | Reached skill level 8 in Stealth
  4843 | D:4      | Reached XP level 6. HP: 22/28 MP: 8/11
  5605 | D:4      | Killed Dowan
  6262 | D:5      | Entered Level 5 of the Dungeon
  6513 | D:5      | Reached skill level 5 in Hexes
  6715 | D:5      | Noticed Eustachio
  6749 | D:5      | Killed Eustachio
  6750 | D:5      | Reached XP level 7. HP: 24/32 MP: 10/14
  6897 | D:5      | Learned a level 3 spell: Dazzling Flash
  6899 | D:5      | Learned a level 1 spell: Slow
  7054 | D:5      | Found a staircase to the Ecumenical Temple.
  7063 | Temple   | Entered the Ecumenical Temple
  7280 | Temple   | Became a worshipper of Dithmenos the Shadowed
  7706 | D:6      | Found a large runed translucent door.
  7707 | D:6      | Found a large runed translucent door.
  7916 | D:6      | Reached skill level 1 in Fighting
  7916 | D:6      | Reached XP level 8. HP: 37/37 MP: 9/15
  7922 | D:6      | Noticed a boulder beetle
  8208 | D:6      | Found a basalt altar of Yredelemnul.
  8490 | D:6      | Killed a boulder beetle
  8491 | D:6      | Reached skill level 5 in Dodging
  8491 | D:6      | Reached skill level 9 in Stealth
  8520 | D:6      | Reached skill level 10 in Stealth
  8772 | D:6      | Found a shimmering altar of Xom.
  8783 | D:6      | Found a bloodstained altar of Trog.
  8999 | D:7      | Found a glowing silver altar of Zin.
  9099 | D:7      | Found a runed translucent gate.
  9099 | D:7      | Found a runed translucent gate.
  9105 | D:7      | Noticed Avanven's ghost (novice MfGl)
  9216 | D:7      | Found a runed translucent gate.
  9227 | D:7      | Reached XP level 9. HP: 45/45 MP: 16/16
  9319 | D:7      | Noticed Harold
  9341 | D:7      | Slain by Harold

Illustrated notes

Levels and vault maps discovered:
D:1:      mrwooster_arrival_statue_3, layout_basic,
          dreamdust_ecumenical_altar_hidden_monk_grotto, hex_medium
D:2:      kennysheep_big_flooded_room, layout_basic, minmay_misc_feat_iff,
          minmay_close_crescents
D:3:      layout_basic
D:4:      layout_layer_cave, minmay_goblin_kobold_house, uniq_duvessa
D:5:      layout_rooms, minmay_temple_entry_poolview, uniq_eustachio
D:6:      layout_basic, jmf_multi_god_temple2, minmay_misc_feat_rows,
          minmay_ruined_shrine
D:7:      layout_loops_corners, zin_statuary, biasface_ghost_orc_armoury,
          uniq_harold, uniq_crazy_yiuf_cottage, uniq_maggie
Temple:   mainiacjoe_temple_bowtie_tessellation

Skill      XL: |  1  2  3  4  5  6  7  8 |
---------------+-------------------------+-----
Stealth        | 5 6 7 8 10 | 10.6
Short Blades   | 2 3 4 5 |  5.0
Spellcasting   | 4 |  4.0
Hexes          | 6 8 |  8.0
Fighting       | 1 4 |  4.0
Dodging        | 3 5 |  5.5

Action                   |  1- 3 |  4- 6 |  7- 9 || total
-------------------------+-------+-------+-------++-------
Melee: Dagger            |   159 |   139 |    89 ||   387
Throw: Dart              |     4 |       |       ||     4
       Stone             |     2 |       |       ||     2
 Cast: Ensorcelled Hiber |    23 |    17 |    13 ||    53
       Confusing Touch   |       |     6 |     9 ||    15
Evoke: Wand              |       |       |     4 ||     4
  Use: Scroll            |       |     9 |     4 ||    13
       Potion            |       |       |     1 ||     1
 Stab: Sleeping          |    34 |    11 |    12 ||    57
       Confused          |       |     4 |     8 ||    12
       Distracted        |       |     1 |       ||     1
Armor: Robe              |    12 |     5 |     2 ||    19
Dodge: Dodged            |   115 |   102 |    57 ||   274

Table legend: (Time is in decaauts)
 A = Elapsed time spent in this place.
 B = Non-inter-level travel time spent in this place.
 C = Inter-level travel time spent in this place.
 D = Time resting spent in this place.
 E = Time spent auto-exploring this place.
 F = Levels seen in this place.
 G = Mean time per level.
                   A        B        C        D        E       F      G
               +--------+--------+--------+--------+--------+-----+--------+
         Total |   7019 |   6788 |    231 |     26 |   5702 |   8 |  877.4 |
       Dungeon |   6869 |   6657 |    212 |     26 |   5579 |   7 |  981.3 |
        Temple |    150 |    131 |     19 |      0 |    123 |   1 |  150.0 |
               +--------+--------+--------+--------+--------+-----+--------+

Top non-repeatable levels by time:
     D:1: 1517 daAuts
     D:4: 1323 daAuts
     D:3: 996 daAuts
     D:2: 969 daAuts
     D:5: 892 daAuts
     D:6: 833 daAuts
     D:7: 337 daAuts
  Temple: 150 daAuts
